[Event "7th Porticcio Open 2022"]
[Site "Porticcio"]
[Date "2022.07.02"]
[Round "1.1"]
[White "David, Alberto"]
[Black "Morison, Julien"]
[Result "1-0"]
[ECO "C60"]
[WhiteElo "2534"]
[BlackElo "1880"]
[Annotator "TA"]
[PlyCount "55"]
[EventDate "2022.07.02"]
[EventType "swiss"]
[EventCountry "FRA"]
[SourceTitle "playchess.com"]
[Source "ChessBase"]
[SourceQuality "1"]
[TimeControl "5400+30"]

1. e4 e5 2. Nf3 Nc6 3. Bb5 g6 4. c3 Bg7 5. d4 a6 (5... exd4 $14 6. cxd4 a6) 6. Bxc6 $16 {[%emt 0:04:28] C60: Ruy Lopez: Unusual Black 3rd moves and 3...g6.} dxc6 7. Nxe5 Bxe5 8. dxe5 {[%emt 0:00:05] White is better.} Qxd1+ 9. Kxd1 Bg4+ 10. f3 O-O-O+ 11. Kc2 Be6 {[%emt 0:00:06] [#]} 12. Bg5 $146 ({Predecessor:} 12. b3 c5 13. c4 c6 14. Nc3 b5 15. Ne2 bxc4 16. Nf4 cxb3+ 17. axb3 Kb7 18. Nxe6 fxe6 19. Bg5 Rd7 20. Rhd1 Rd4 21. Be3 {1-0 (21) Pirhala,L (2327)-Enoksson,B (1531) ICCF email 2017}) 12... Re8 13. Nd2 Bd7 14. Be3 $1 {[%emt 0:00:56] White is more active.} f5 15. exf6 Nxf6 16. a4 Rhf8 17. Nb3 b6 18. a5 Kb7 19. Rhd1 c5 (19... Rf7 $142 20. Bg5 Nxe4 21. fxe4 Rxe4) 20. axb6 $18 cxb6 {[%emt 0:00:21] [#]} 21. Bxc5 $1 bxc5 22. Nxc5+ Kc6 $2 (22... Kc7 23. Nxa6+ (23. Rxa6 Bc8 $18) 23... Kc6 24. Nb4+ Kb7) 23. Rxa6+ Kxc5 24. b4+ Kc4 {[%emt 0:01:46] [#]} 25. Rd4+ $1 ({Weaker is} 25. Ra5 Ba4+ 26. Rxa4 Ra8 27. Rxa8 Rxa8 $18) 25... Kb5 26. Rdd6 {[%emt 0:00:05] White mates.} Kc4 27. Ra5 Ba4+ 28. Kb2 {[%emt 0:00:16] Weighted Error Value: White=0.01 (flawless) /Black=0.48} 1-0

[Event "7th Porticcio Open 2022"]
[Site "Porticcio"]
[Date "2022.07.02"]
[Round "1.2"]
[White "Guien, Philippe"]
[Black "Mastrovasilis, Athanasios"]
[Result "0-1"]
[ECO "A13"]
[WhiteElo "1860"]
[BlackElo "2527"]
[Annotator "TA"]
[PlyCount "37"]
[EventDate "2022.07.02"]
[EventType "swiss"]
[EventCountry "FRA"]
[SourceTitle "playchess.com"]
[Source "ChessBase"]
[SourceQuality "1"]
[TimeControl "5400+30"]

1. c4 e6 2. g3 d5 3. Bg2 Nf6 4. Nf3 dxc4 5. O-O Nbd7 6. a4 {[%emt 0:02:14] A13: English Opening: 1...e6.} a5 7. Qc2 Nb6 8. Rd1 {[%emt 0:07:52] The position is equal.} Nfd5 {[%emt 0:07:51] [#]} 9. d4 $146 ({Predecessor:} 9. Ne5 Nb4 10. Qc3 N4d5 11. Qc2 Nb4 12. Qc3 N4d5 13. Qd4 Qf6 14. Nc3 Bd6 15. f4 {½-½ (45) Ornstein,A (2408)-Jepson,C (2399) Sweden 2011}) 9... Bd6 10. Bg5 f6 11. Bd2 Bd7 $36 {[%emt 0:08:19][%mdl 2048] White is under pressure.} 12. e4 Nb4 13. Bxb4 axb4 14. a5 {[%emt 0:01:54] [#]} b3 (14... Ba4 $1 $15 15. Rxa4 b3) 15. Qe2 {[%emt 0:08:38] Threatens to win with Nc3.} Bb4 16. axb6 {[%emt 0:03:25] This costs White the game.} Rxa1 $19 {[%emt 0:01:24] Black is clearly better.} 17. Qxc4 Ba5 18. d5 e5 (18... Bxb6 $2 19. dxe6 Qe7 20. exd7+ Kd8 21. Nfd2 $18) 19. Nfd2 {Weighted Error Value: White=0.38/Black=0.16 (very precise)} 0-1

[Event "7th Porticcio Open 2022"]
[Site "Porticcio"]
[Date "2022.07.02"]
[Round "1.3"]
[White "Peng, Li Min"]
[Black "Cardi, Jean"]
[Result "1-0"]
[ECO "A05"]
[WhiteElo "2516"]
[BlackElo "1835"]
[Annotator "TA"]
[PlyCount "71"]
[EventDate "2022.07.02"]
[EventType "swiss"]
[EventCountry "FRA"]
[SourceTitle "playchess.com"]
[Source "ChessBase"]
[SourceQuality "1"]
[TimeControl "5400+30"]

1. Nf3 Nf6 2. c4 g6 3. b3 Bg7 4. Bb2 O-O 5. g3 c6 6. Bg2 d5 7. O-O Nbd7 8. Qc2 Re8 9. d4 Ne4 {[%emt 0:01:49] A11: English Opening: 1...c6.} 10. cxd5 cxd5 11. Rc1 Ndf6 {[%emt 0:08:35] [#] The position is equal.} 12. Ne5 $146 ({Predecessor:} 12. Nbd2 Nd6 13. Qc7 Bg4 14. Qxd8 Raxd8 15. h3 Bf5 16. Ne5 {½-½ (16) Dugovic,B (2207)-Arendas,M (2104) Slovakia 2015}) 12... Bf5 {[%emt 0:05:22][%cal Oe4f2] [#] Strongly threatening ...Nxf2!} 13. g4 $2 (13. Qd1 $1 $14) 13... Rc8 (13... Nxg4 $19 {and Black stays clearly on top.} 14. Bxe4 Bxe4) 14. Qd1 $17 Be6 (14... Nxg4 $17 15. Nxg4 Bxg4) 15. f3 (15. Rxc8 $142 Qxc8 16. f3) 15... Nd6 (15... Bh6 {seems wilder.} 16. fxe4 Be3+ 17. Kf1 Bxc1 18. Bxc1 dxe4 19. Na3 Bxg4 20. Kg1 Bf5) 16. Rxc8 Bxc8 17. Nc3 e6 18. e4 (18. e3 $11) 18... Nd7 (18... b5 $5 ) 19. Nxd7 Qxd7 20. e5 {[%emt 0:02:24] [#] aiming for Qd3.} ({But not} 20. exd5 exd5 21. Qd2 (21. Nxd5 Nb5 $15) 21... h5 $15) 20... Nb5 21. Ne2 b6 22. Qd2 Ba6 23. a4 Nc7 24. Ng3 Rc8 25. f4 Bh6 26. Rc1 Ne8 27. Rxc8 Qxc8 28. Ba3 Nc7 29. Kf2 Bf8 30. Bxf8 Qxf8 31. f5 f6 (31... Qa3 $11) 32. Qc3 (32. exf6 $16 {Threatens to win with Qf4.} Qxf6 33. g5) 32... Ne8 (32... Qd8 $14) 33. Qc6 $16 {[%emt 0:01:19] White is more active.} Qb4 $2 34. Qxe8+ $18 {[%emt 0:00:19] White is clearly winning.} Kg7 35. exf6+ Kh6 36. Qxe6 {[%emt 0:00:11] Weighted Error Value: White=0.30/Black=0.41} 1-0

[Event "7th Porticcio Open 2022"]
[Site "Porticcio"]
[Date "2022.07.02"]
[Round "1.4"]
[White "Aeschbacher, Dimitri"]
[Black "Maurizzi, Marc Andria"]
[Result "0-1"]
[ECO "C02"]
[WhiteElo "1831"]
[BlackElo "2506"]
[Annotator "TA"]
[PlyCount "71"]
[EventDate "2022.07.02"]
[EventType "swiss"]
[EventCountry "FRA"]
[SourceTitle "playchess.com"]
[Source "ChessBase"]
[SourceQuality "1"]
[TimeControl "5400+30"]

1. e4 c5 2. Nf3 e6 3. c3 d5 4. e5 Nc6 5. d4 Bd7 6. Bd3 Rc8 7. a3 cxd4 8. cxd4 Qb6 {[%emt 0:00:07] C02: French: Advance Variation.} 9. Bc2 Nge7 (9... g5 $5 10. h3 (10. Bxg5 Qxb2 11. Nbd2 Nxd4 $17) 10... Nge7 $11) 10. O-O Nf5 {[%emt 0:00:23] White is slightly better.} 11. Bxf5 exf5 12. Nc3 Be6 13. Na4 Qb5 14. Nc3 Qa6 {[%emt 0:04:04] [#]} 15. Bf4 $146 ({Predecessor:} 15. Be3 Be7 16. Ne1 g5 17. f3 h5 18. Qd2 Na5 19. Bxg5 Nb3 20. Qd1 Bxg5 21. f4 Nxa1 22. fxg5 {½-½ (70) Kim,T (1593)-De Oliveira,G (2001) Sao Bento do Sul 2019}) 15... Be7 16. Rc1 O-O 17. Bg5 Bxg5 18. Nxg5 h6 19. Nxe6 fxe6 20. Ne2 f4 21. Rc3 f3 22. Rxf3 Rxf3 23. gxf3 Ne7 24. Qd2 Ng6 {[%emt 0:05:16][%mdl 1024] Black has compensation.} 25. f4 Nh4 $36 {[%emt 0:00:26][%mdl 2048] [#] Hoping for ...Nf3+. Black has the initiative.} 26. f3 $2 (26. Qd1 $1 $11) 26... Qc4 (26... Qa4 $142 {...Rc2 is the strong threat.} 27. Nc3 Qb3) 27. Nc3 (27. Qe1 $17) 27... Nf5 28. Rd1 Qb3 29. Kh1 $2 {[%emt 0:04:39] [#] Loses the game.} (29. Qc1 $17 {is a better defense.}) 29... Rc4 $19 30. Rg1 Rxd4 31. Qg2 Kf7 ({Weaker is} 31... Rxf4 32. Qg6 d4 33. Qe8+ Kh7 34. Qg6+ Kh8 35. Qe8+ Kh7 36. Qg6+ Kh8 37. Qe8+ Kh7 $11) 32. Ne2 $2 (32. Ne4 dxe4 33. fxe4) 32... Rd2 33. Qg6+ Ke7 34. Nd4 Rxd4 {[%emt 0:00:16] Active counter play!} 35. Qh7 Qxf3+ 36. Rg2 {[%emt 0:00:01] Weighted Error Value: White=0.75/Black=0.07 (flawless)} 0-1

[Event "7th Porticcio Open 2022"]
[Site "Porticcio"]
[Date "2022.07.02"]
[Round "1.5"]
[White "Yankelevich, Lev"]
[Black "Chokbengboun, Thomas"]
[Result "1-0"]
[ECO "D30"]
[WhiteElo "2496"]
[BlackElo "1817"]
[Annotator "TA"]
[PlyCount "83"]
[EventDate "2022.07.02"]
[EventType "swiss"]
[EventCountry "FRA"]
[SourceTitle "playchess.com"]
[Source "ChessBase"]
[SourceQuality "1"]
[TimeControl "5400+30"]

1. d4 d5 2. c4 e6 3. Nf3 Nf6 4. g3 Nbd7 5. Bg2 Be7 6. O-O b6 7. cxd5 exd5 8. Ne5 Bb7 9. Qa4 O-O 10. Nc3 a6 {[%emt 0:01:12] E18: Queen's Indian: Old Main Line (4 g3 Bb7 5 Bg2 Be7 6 0-0 0-0 7 Nc3).} (10... Nxe5 $142 11. dxe5 Nd7) 11. Nxd7 $16 {[%emt 0:00:22] White is much more active. The black rooks are badly placed.} Nxd7 12. Nxd5 (12. Bxd5 Bxd5 13. Nxd5 Nf6 14. Nxf6+ (14. Nxe7+ Qxe7 15. e3 Rfd8 $16) 14... Bxf6 $16) 12... Bxd5 {[%emt 0:01:20] White is clearly better.} 13. Bxd5 Ra7 {[%emt 0:00:37] [#]} 14. Bc6 $146 ({Predecessor:} 14. Rd1 Nf6 15. Bf3 b5 16. Qb3 Qd7 17. e4 c6 18. Bf4 h6 19. Rac1 Rd8 20. Qc3 {1-0 (29) Luna Javier,E (2114)-Jayaweera,C (1781) Tornelo INT 2020}) 14... Nb8 15. Bf3 c5 16. dxc5 Bxc5 17. Rd1 Rd7 18. Rxd7 Qxd7 19. Qxd7 Nxd7 20. Bf4 {[%emt 0:00:05] Inhibits Ne5.} h6 21. Rd1 Nf6 22. h4 Re8 23. e3 Kh7 24. Kf1 Re7 25. Ke2 Ne4 26. Rd5 g6 (26... a5 {was called for.} 27. g4 Nf6) 27. Be5 $18 f6 28. Bb8 ({Don't take} 28. Bxe4 $6 Rxe5 29. Rxe5 fxe5 $16) 28... Kg7 (28... f5 $142 29. h5 Nf6) 29. a3 a5 30. Bxe4 Rxe4 {[%emt 0:00:13][%mdl 4096] Endgame KRB-KRB} 31. Bd6 Rc4 32. Bxc5 bxc5 {[%emt 0:00:37] KR-KR} 33. Rd7+ Kf8 34. Kd2 {[%emt 0:00:15] [#] Against Rc2+. Black must now prevent f3.} a4 35. Rd3 {[%emt 0:00:27] aiming for f3.} Rg4 36. Kc3 h5 37. Rd5 g5 38. hxg5 ({Weaker is} 38. Rxc5 gxh4 39. Rxh5 hxg3 40. fxg3 Rxg3 $16) 38... fxg5 39. Rxc5 h4 (39... Kg7 {was worth a try.} 40. Kd2 h4 41. gxh4 gxh4) 40. gxh4 gxh4 41. Rh5 Kg7 42. f3 {[%emt 0:00:03] Black got outplayed after the opening.  Weighted Error Value: White=0.03 (flawless) /Black=0.35} 1-0

[Event "7th Porticcio Open 2022"]
[Site "Porticcio"]
[Date "2022.07.02"]
[Round "1.6"]
[White "Ratier-Fontana, Matteo"]
[Black "Rakotomaharo, Fy Antenaina"]
[Result "0-1"]
[ECO "B30"]
[WhiteElo "1804"]
[BlackElo "2490"]
[Annotator "TA"]
[PlyCount "46"]
[EventDate "2022.07.02"]
[EventType "swiss"]
[EventCountry "FRA"]
[SourceTitle "playchess.com"]
[Source "ChessBase"]
[SourceQuality "1"]
[TimeControl "5400+30"]

1. e4 c5 2. Nf3 Nc6 3. d3 g6 4. g3 Bg7 5. Bg2 Nf6 6. O-O O-O 7. Re1 d6 8. Nbd2 e5 9. Nf1 {[%emt 0:00:00] A05: Réti Opening: 1 Nf3 Nf6.} d5 10. Bg5 {[%emt 0:02:49] Hoping for exd5.} d4 11. Qd2 {[%emt 0:01:23] [#] Black is slightly better.} Qd6 $146 ({Predecessor:} 11... Qc7 12. h4 Ne8 13. Bh6 f6 14. N3h2 Be6 15. c3 dxc3 16. bxc3 Bxh6 17. Qxh6 Qa5 {0-1 (51) Sobrino Figueredo,Y-Oliva Castaneda,K (2114) Matanzas 2007}) 12. Bh6 Bd7 13. Bxg7 Kxg7 14. h4 b5 15. N1h2 c4 (15... h6 $17) 16. Rec1 (16. c3 $11) 16... a5 ({Black should try} 16... b4 $17 {Threatens to win with ...c3.} 17. h5 c3 18. h6+ Kg8 19. bxc3 bxc3) 17. Ne1 {[%emt 0:00:44] [#]} (17. c3 $1 $11) 17... a4 $1 $36 {[%emt 0:03:42][%mdl 2048] Black has strong initiative. Black is much more active.} 18. c3 a3 19. Rab1 $2 {[%emt 0:08:49] This move loses the game for White.} (19. bxa3 $17 dxc3 20. Rxc3) 19... axb2 $19 20. Rxb2 (20. Qxb2 $142 b4 21. cxb4) 20... b4 {[%emt 0:02:04] Black is clearly winning.} 21. dxc4 (21. cxb4 $142 c3 22. Rxc3 dxc3 23. Qxc3) 21... bxc3 22. Rxc3 {[%emt 0:00:08] [#]} dxc3 $1 23. Qh6+ (23. Qxc3 Rfb8) 23... Kxh6 {[%emt 0:00:08] Weighted Error Value: White=1.11/Black=0.20 (precise)} 0-1

[Event "7th Porticcio Open 2022"]
[Site "Porticcio"]
[Date "2022.07.02"]
[Round "1.7"]
[White "Clarke, Brandon G I"]
[Black "Bonelli Maestracci, Pierre Joseph"]
[Result "1/2-1/2"]
[ECO "B27"]
[WhiteElo "2486"]
[BlackElo "1801"]
[Annotator "TA"]
[PlyCount "134"]
[EventDate "2022.07.02"]
[EventType "swiss"]
[EventCountry "FRA"]
[SourceTitle "playchess.com"]
[Source "ChessBase"]
[SourceQuality "1"]
[TimeControl "5400+30"]

1. e4 c5 2. Nf3 g6 3. d4 cxd4 4. Qxd4 Nf6 5. Nc3 Nc6 6. Qa4 d6 7. e5 dxe5 8. Nxe5 {[%emt 0:00:03] With the idea Bc4.} Bg7 {[%emt 0:04:59] B27: Sicilian: 2 Nf3, unusual Black 2nd moves.} 9. Bb5 O-O 10. Nxc6 bxc6 11. Bxc6 Bd7 12. O-O Bxc6 13. Qxc6 {[%emt 0:00:42] [#]} Ng4 $146 ({Predecessor:} 13... Rb8 14. Rb1 Qc8 15. Qa4 Ng4 16. Bf4 Rb7 17. h3 Ne5 18. Nd5 Rd8 19. Rfd1 Nc4 20. Nxe7+ Rxe7 21. Rxd8+ Qxd8 22. Qxc4 {1-0 (32) Harsha,B (2547)-Sychev,K (2537) Chess.com INT 2022}) 14. Qe4 h5 15. h3 Nf6 16. Qf3 {[%emt 0:01:32] White is more active.} Qb6 17. Re1 e6 18. b3 Nd5 19. Nxd5 exd5 20. c3 Qa5 21. Bb2 Rac8 22. Red1 Rfd8 23. Rd3 Rc6 24. Qf4 ({White should try} 24. Re3 $14) 24... Rdc8 (24... Bxc3 $2 25. Rxc3 Rxc3 26. Qd4 $18) (24... Re8 $11) 25. b4 Qb5 26. Rad1 (26. Qf3 $1 $14) 26... d4 $11 27. cxd4 Qxb4 (27... Rc2 $1 $11 28. Ba3 Re8) 28. Ba3 (28. Bc1 $14) 28... Qa4 29. Qf3 Rc3 {[%emt 0:02:20] [#] And now ...Qxa3 would win.} 30. Bc5 ({But not} 30. Rxc3 Rxc3 31. Qxc3 Qxd1+ 32. Kh2 Qxd4 33. Qxd4 Bxd4 $11) 30... Rxd3 31. Rxd3 ({Of course not} 31. Qxd3 Qxa2 32. Qd2 Qa4 $11) 31... Qxa2 32. Kh2 ({Better is} 32. Ra3 $1 $14 Qb1+ 33. Kh2) 32... a5 33. Ra3 Qd2 34. Rd3 Qa2 35. Rb3 a4 36. Rb7 Qe6 37. g3 Rd8 38. Rb4 Qa6 39. d5 a3 {[%emt 0:01:31] [#] aiming for ...a2.} 40. Rb6 Qc4 41. Qxa3 (41. Bxa3 $11 Qxd5 42. Qxd5 Rxd5 43. Rb8+ Kh7 44. Rb7) 41... Qxd5 ({Black should play} 41... h4 $1 $15 42. Bd6 Bd4) 42. h4 {[%emt 0:00:26] The position is equal.} Bd4 (42... Be5 {keeps more tension.} 43. Rb1 Rc8 44. Rc1 Rb8) 43. Bxd4 Qxd4 {[%emt 0:00:07][%mdl 4096] Endgame KQR-KQR} 44. Rb2 Kg7 45. Re2 Qf6 46. Qb3 Rd6 47. Kg2 Rb6 48. Qd1 Qc6+ 49. Kh2 Qf6 50. Qe1 Rb2 51. Rxb2 Qxb2 {[%emt 0:00:03] KQ-KQ} 52. Kg1 Qd4 53. Qe2 $1 Qa1+ 54. Kg2 Qf6 55. Qe4 Qc3 56. Qf3 Qd4 57. Qc6 Qf6 58. Qf3 Qd4 59. Qe2 Qf6 60. f4 Qd4 61. Kh2 Qf6 62. Qe4 Qb2+ 63. Kh3 Qf6 64. Kg2 Qb2+ 65. Kf3 Qc3+ 66. Kg2 Qb2+ 67. Kf3 Qc3+ {[%emt 0:00:03] Weighted Error Value: White=0.09 (flawless) /Black=0.10 (very precise)} 1/2-1/2

[Event "7th Porticcio Open 2022"]
[Site "Porticcio"]
[Date "2022.07.02"]
[Round "1.8"]
[White "Iasman, Inna"]
[Black "Karttunen, Mika"]
[Result "0-1"]
[ECO "D38"]
[WhiteElo "1792"]
[BlackElo "2484"]
[Annotator "TA"]
[PlyCount "56"]
[EventDate "2022.07.02"]
[EventType "swiss"]
[EventCountry "FRA"]
[SourceTitle "playchess.com"]
[Source "ChessBase"]
[SourceQuality "1"]
[TimeControl "5400+30"]

1. d4 Nf6 2. c4 e6 3. Nf3 d5 4. Nc3 Bb4 5. Qa4+ Nc6 6. Ne5 a5 {[%emt 0:13:10] D38: Queen's Gambit Declined: Ragozin Defence (4 Nf3 Bb4).} 7. Bg5 O-O 8. e3 Nxe5 {[%emt 0:08:29] Black is slightly better.} 9. dxe5 Qd7 10. Qxd7 Nxd7 {[%emt 0:00:20][%cal Bf6d7,Bd7b6,Bb6d5][%mdl 32] [#]} 11. f4 $146 ({Predecessor:} 11. Bf4 Nc5 12. Be2 dxc4 13. Bxc4 Na4 14. O-O-O Bxc3 15. bxc3 b5 16. Bb3 Nxc3 17. Rd2 {0-1 (27) Schiff,A-Hoppe,A freechess.de 2021}) 11... Nb6 12. cxd5 Nxd5 13. Kd2 f6 14. exf6 gxf6 15. Bh4 Rd8 {[%emt 0:00:36] [#] ...Nxc3+ is the strong threat.} 16. Bd3 e5 17. fxe5 Nxc3 18. bxc3 Bf5 $1 19. cxb4 Rxd3+ 20. Ke2 fxe5 (20... axb4 $17 {Strongly threatening ...Rda3.} 21. Rhf1 (21. exf6 Rda3 $19) 21... Bg6 22. Bxf6 (22. Rxf6 $2 Rda3 $19) 22... Rda3) 21. b5 Rd7 $36 {[%emt 0:07:05][%mdl 2048] Black has good play.} 22. a4 Bd3+ 23. Ke1 c5 24. bxc6 bxc6 25. Rc1 {[%emt 0:01:08] [#]} ({White should play} 25. Kf2 $15) 25... Rb8 $1 $17 {[%emt 0:00:21] Black is more active.} 26. Bf6 $2 (26. Rd1 $17 {is a better chance.}) 26... Rb2 $19 {[%emt 0:01:27] Black is clearly winning.} 27. Rd1 (27. Bxe5 $142 Re2+ 28. Kd1 Ba6+ 29. Bd4 Rxe3 30. Rxc6 Rxd4+ 31. Kc1) 27... Rxg2 28. Bxe5 Re2+ {[%emt 0:00:17] Weighted Error Value: White=0.43/Black=0.05 (flawless)} 0-1

[Event "7th Porticcio Open 2022"]
[Site "Porticcio"]
[Date "2022.07.03"]
[Round "2.2"]
[White "Mastrovasilis, Athanasios"]
[Black "Houhou, Alexandre"]
[Result "1/2-1/2"]
[ECO "D70"]
[WhiteElo "2527"]
[BlackElo "2185"]
[Annotator "TA"]
[PlyCount "148"]
[EventDate "2022.07.02"]
[EventType "swiss"]
[EventCountry "FRA"]
[SourceTitle "playchess.com"]
[Source "ChessBase"]
[SourceQuality "1"]
[TimeControl "5400+30"]

1. d4 d5 2. Nf3 Nf6 3. c4 c6 4. Nbd2 Bf5 5. Nh4 Be4 6. Qb3 {[%emt 0:01:17] D11: Slav Defence: 3 Nf3 sidelines and 3...Nf6 4 e3 Bg4.} Qc7 7. f3 Bg6 8. cxd5 cxd5 9. e4 e6 {[%emt 0:12:39] [#]} 10. Nxg6 $146 ({Predecessor:} 10. Bb5+ Nc6 11. exd5 Nxd5 12. Nc4 Bb4+ 13. Bd2 Bxd2+ 14. Nxd2 O-O 15. Bxc6 Qxc6 16. Nxg6 hxg6 {0-1 (62) Dilanyan,G (2292)-Petrosyan,T (2441) Yerevan 2015}) 10... hxg6 11. e5 $1 Nfd7 {[%emt 0:03:48] [#] Threatens to win with ...Nc6.} 12. f4 $1 Nc6 13. Nf3 Nb4 {[%emt 0:14:39] White must now prevent ...Nc2+.} 14. Kf2 Rc8 15. Bd2 Qb6 16. Be2 Be7 17. Rac1 O-O 18. h4 Rxc1 19. Rxc1 Nc6 20. Qxb6 Nxb6 21. g4 Rc8 22. a3 Bd8 23. Bd3 Ne7 24. Rxc8 Nbxc8 25. Ke3 a6 26. a4 Kf8 27. Bc2 Na7 28. Bb4 Ke8 29. Bc5 Nac6 30. b3 Kd7 31. Ne1 ({Better is} 31. b4 $14) 31... Ng8 $11 {[%emt 0:02:34] The position is equal.} 32. Bf8 Bxh4 33. Nf3 Bd8 34. Bxg7 Nge7 {[%emt 0:00:20] Prevents f5.} 35. Bf8 Bb6 36. Kd3 Nb4+ 37. Kc3 Nxc2 38. Kxc2 Ke8 39. Bxe7 Kxe7 {[%emt 0:00:02][%mdl 4096] Endgame KB-KN} 40. Kc3 Kd7 41. Ng5 Ke8 42. Nh3 Kd7 43. Nf2 Bd8 44. Nd3 a5 45. Kd2 Be7 46. Ke3 Bf8 47. Kf3 Be7 48. Nc1 Ba3 49. Ne2 Bb4 50. Ke3 Ke7 51. f5 gxf5 52. gxf5 Kd7 53. f6 Ke8 54. Nc1 Kf8 55. Nd3 Ba3 56. Kd2 Ke8 57. Kc3 Kd7 58. b4 axb4+ 59. Nxb4 Kc7 60. a5 Bc1 61. Nd3 Be3 62. Nc5 Kc6 63. Na4 Bf2 {[%emt 0:00:41] [#] aiming for ...Be1+.} 64. Nc5 $1 {[%emt 0:00:55][%cal Oc5e6] Strongly threatening Nxe6!} Be3 65. Kd3 Bh6 {[%emt 0:00:25] Hoping for ...Bf8.} 66. a6 $1 bxa6 67. Nxa6 Bf8 {[%emt 0:00:12] ( -> ...Kb6)} 68. Kc3 Kb7 69. Nb4 Bxb4+ 70. Kxb4 Kb6 71. Ka4 $1 Ka6 72. Kb4 {[%emt 0:00:04] White wants to mate with Kc5.} Kb6 73. Ka4 $1 Ka6 74. Kb4 {[%emt 0:00:02] Kc5 would kill now.} Kb6 {[%emt 0:00:04] Weighted Error Value: White=0.05 (flawless) /Black=0.04 (flawless)} 1/2-1/2

[Event "7th Porticcio Open 2022"]
[Site "Porticcio"]
[Date "2022.07.03"]
[Round "2.3"]
[White "Bhawoodien, Mohamed Ozayr"]
[Black "Peng, Li Min"]
[Result "1-0"]
[ECO "C04"]
[WhiteElo "2182"]
[BlackElo "2516"]
[Annotator "TA"]
[PlyCount "89"]
[EventDate "2022.07.02"]
[EventType "swiss"]
[EventCountry "FRA"]
[SourceTitle "playchess.com"]
[Source "ChessBase"]
[SourceQuality "1"]
[TimeControl "5400+30"]

1. e4 e6 2. d4 d5 3. Nd2 Nc6 4. Ngf3 Nf6 5. e5 Nd7 6. Nb3 a5 7. a4 Be7 8. c3 {[%emt 0:00:10] C04: French Tarrasch: 3...Nc6.} b6 9. h4 Ncb8 {[%emt 0:01:18] [#]} 10. Rh3 $146 {[%emt 0:03:47] White is better.} ({Predecessor:} 10. Ng5 c5 11. Qf3 Bxg5 12. hxg5 Qe7 13. Bd2 Ba6 14. Bxa6 Nxa6 15. Qe2 Nc7 16. Nc1 {0-1 (47) Van Foreest,M (2187)-Berndt,M (2065) Groningen 2019}) 10... c5 11. Rg3 {[%emt 0:04:26] White is more active.} Bf8 ({Don't play} 11... c4 12. Nbd2 $14) (11... cxd4 $16 12. Nbxd4 Kf8) 12. Ng5 $1 $18 {[%emt 0:05:01][%cal Og5e6] Nxe6! is the strong threat.} Qe7 (12... h6 {keeps fighting.}) 13. Rf3 f6 14. exf6 gxf6 {[%emt 0:05:31] [#]} 15. Nxe6 $1 Qxe6+ 16. Re3 Ne5 17. dxe5 f5 18. Qh5+ Kd8 19. Bb5 $36 {[%emt 0:03:05][%mdl 2048] White is really pushing.} Ra7 (19... Kc7 $16 20. Kf1 Bg7) 20. Re2 {[%emt 0:02:38] Hoping for Bg5+.} Rf7 21. Bg5+ Kc7 22. Nd2 Rg8 23. g3 Nc6 24. O-O-O {[%emt 0:01:33][%cal Od2c4] aiming for Nc4!} h6 $2 (24... Na7 25. Bf4 Kb7) 25. Bf6 {[%emt 0:04:22] Black must now prevent Nf1.} Rg4 {[%emt 0:04:19] [#]} 26. Ree1 (26. Nc4 $1 $18 Rxc4 27. Bxc4 dxc4 28. Rd6 $1 ) 26... Bd7 27. f3 Rxg3 {[%emt 0:01:41] [#] A mistake that costs the game.} (27... Rg8 $16 28. Nf1 d4) 28. Nf1 $1 Rg1 29. Ne3 Rxe1 30. Rxe1 Kb7 31. f4 Rxf6 32. exf6 d4 33. Nc2 Qxf6 34. Qf3 Kc7 {[%emt 0:01:32] [#]} 35. h5 Bd6 36. Na3 {[%emt 0:00:35] Threatens to win with Nc4.} dxc3 $2 (36... Qh4 37. Rf1 Qe7) 37. bxc3 Qh4 38. Rf1 Bf8 $2 (38... Qg4 {was necessary.} 39. Nc4 Qxf3 40. Rxf3 Be8 41. Nxd6 Kxd6) 39. Nc4 Bg7 40. Qd3 {[%emt 0:02:02] White threatens Qd6+ and mate.} Qe7 {[%emt 0:03:00] Prevents Qd6+.} 41. Rd1 Be8 42. Ne3 {[%emt 0:00:47] Threatening mate with Nd5+.} Qe4 43. Qxe4 (43. Qd6+ $142 Kb7 44. Nd5 Qxd5 45. Rxd5 Bxc3 46. Qf8 Nb8 47. Qxe8 Bb2+ 48. Kxb2) 43... fxe4 44. Nd5+ Kb7 45. Rg1 {[%emt 0:00:18] Weighted Error Value: White=0.17 (very precise) /Black=0.70} 1-0